AoeStats
← Lady Malbec

Nomad

507575994Analyzed
2v2 RM · 13d ago on Sep 18, 2026· 34m 18s· 4 players
Game mode
Random Map
Map size
176×176
Population
200
Speed
Normal
Resources
Standard
Victory
Conquest
Starting age
Dark Age
Ending age
Imperial Age
RankedLock teamsTeams togetherTeam positionsShared explorationLock speedFull tech treeHidden civsTurbo modeCheats
Victory
Defeat
🇦🇷 Japanese · Argentina
1180
+14
🇦🇷 Malians · Argentina
1166
+14
🇳🇴 Persians · Norway
1154
-15
🇸🇪 Mongols · Sweden
1102
-13
Avimsil
3:12 Loom
3:44 Loom
13:30 Feudal Age
14:51 Double-Bit Axe
17:06 Fletching
23:30 Castle Age
24:20 Bow Saw
24:18 Bodkin Arrow
24:36 Medium Warships
25:13 Gold Mining
25:44 Elite Skirmisher
27:52 Town Watch
28:48 Padded Archer Armor
31:57 Sanctity
32:25 Fervor
34:33 Leather Archer Armor
34:25 Horse Collar
Lady Malbec
5:16 Loom
12:53 Feudal Age
15:26 Town Watch
18:19 Castle Age
19:50 Medium Warships
24:35 Wheelbarrow
24:47 Fletching
[O] KingJoakim
4:28 Loom
14:55 Feudal Age
15:28 Double-Bit Axe
20:32 Fletching
25:54 Castle Age
24:48 Gold Mining
26:00 Bloodlines
25:46 Horse Collar
26:37 Forging
27:32 Bow Saw
28:22 Man-at-Arms
29:05 Scale Mail Armor
29:34 Long Swordsman
32:02 Bodkin Arrow
32:23 Stone Mining
kembokembo
4:29 Loom
13:26 Feudal Age
14:21 Double-Bit Axe
19:42 Castle Age
18:33 Fletching
20:03 Crossbowman
Connection lost

Rejoining the realm…

Still unreachable

The connection could not be restored.

Session expired

The server has moved on; the page needs a fresh start.